 Dungeon Crawl Stone Soup version 0.31.0-11-ge490571c62 (webtiles) character file.

Game seed: 16542125416585204138

303 Ashen the Sneak (level 6, -3/39 (44) HPs)
             Began as a Gnoll Enchanter on Feb 6, 2024.
             Slain by a wight
             ... wielding a +6 long sword of freezing
              (14 damage)
             ... on level 4 of the Dungeon.
             The game lasted 00:09:27 (2400 turns).

Ashen the Sneak (Gnoll Enchanter)                   Turns: 2400, Time: 00:09:28

HP:   -3/39 (44)    AC:  2    Str:  7    XL:     6   Next: 38%
MP:   2/14          EV: 19    Int: 15    God:
Gold: 52            SH:  0    Dex: 14    Spells: 4/15 levels left

rFire   + . .        s - +0 trident (venom)
rCold   + . .        (no shield)
rNeg    . . .        b - +0 robe
rPois   .            (no helmet)
rElec   .            t - scarf {rC+ rF+}
rCorr   .            (no gloves)
SInv    .            (no boots)
Will    .....        h - amulet of regeneration
Stlth   +++          l - +5 ring of evasion
HPRegen 1.06/turn    (no ring)
MPRegen 0.14/turn

%: no passive effects
@: confusing by touch, heavily drained
A: fangs 1, strong nose, distributed training
a: no special abilities


You were on level 4 of the Dungeon.
You visited 1 branch of the dungeon, and saw 4 of its levels.

You collected 52 gold pieces.

Inventory:

Hand Weapons
 a - a +1 dagger
 s - a +0 trident of venom (weapon)
Missiles
 p - 7 poisoned darts (quivered)
Armour
 b - a +0 robe (worn)
 t - a scarf of resistance (worn)
Jewellery
 h - an amulet of regeneration (around neck)
 l - a +5 ring of evasion (left hand)
Scrolls
 d - a scroll of blinking {unknown}
 e - a scroll of noise {unknown}
 f - 5 scrolls of identify {unknown}
 k - 2 scrolls of poison {unknown}
 m - 4 scrolls of teleportation {unknown}
 o - a scroll of fear {unknown}
 q - a scroll of torment {unknown}
 r - a scroll of enchant weapon {unknown}
Potions
 c - 2 potions of invisibility
 g - a potion of attraction {unknown}
 i - a potion of might {unknown}
 j - a potion of magic {unknown}
 n - a potion of berserk rage {unknown}
 u - a potion of enlightenment {unknown}
 v - a potion of ambrosia {unknown}


   Skills:
 + Level 2.0 Fighting
 + Level 3.3 Short Blades
 + Level 2.0 Long Blades
 + Level 2.0 Axes
 + Level 2.0 Maces & Flails
 + Level 2.0 Polearms
 + Level 2.0 Staves
 + Level 2.0 Ranged Weapons
 + Level 2.0 Throwing
 + Level 2.0 Armour
 + Level 5.0 Dodging
 + Level 6.3 Stealth
 + Level 2.0 Shields
 + Level 2.0 Unarmed Combat
 + Level 5.4 Spellcasting
 + Level 1.6 Conjurations
 + Level 5.7 Hexes
 + Level 1.6 Summonings
 + Level 1.6 Necromancy
 + Level 1.6 Translocations
 + Level 1.6 Fire Magic
 + Level 1.6 Ice Magic
 + Level 1.6 Air Magic
 + Level 1.6 Earth Magic
 + Level 1.6 Alchemy
 + Level 2.2 Invocations
 + Level 2.0 Evocations
 + Level 1.8 Shapeshifting


You had 4 spell levels left.
You knew the following spells:

 Your Spells              Type           Power      Damage    Failure   Level
a - Ensorcelled Hibernat  Hex/Ice        30%        N/A       5%          2
b - Confusing Touch       Hex            21%        N/A       4%          3
c - Tukima's Dance        Hex            21%        N/A       4%          3
d - Dazzling Flash        Conj/Hex       30%        N/A       11%         3

Your spell library contained the following spells:

 Spells                   Type           Power      Damage    Failure   Level
 Volatile Blastmotes      Fire/Tloc      16%        2d11      24%         3
 Starburst                Conj/Fire      4%         6d3       100%        6
 Maxwell's Capacitive Co  Air            4%         ∞         100%        8


Dungeon Overview and Level Annotations

Branches:
Dungeon (4/15)
 Temple: D:4-7

Altars:

Shops:
D:1 [


Innate Abilities, Weirdness & Mutations

You have very sharp teeth.
Your uncanny sense of smell can sniff out nearby items.
Your experience applies equally to all skills.


Message History

Your Fighting skill increases to level 2!
Your Long Blades skill increases to level 2!
Your Axes skill increases to level 2!
Your Maces & Flails skill increases to level 2!
Your Polearms skill increases to level 2!
Your Staves skill increases to level 2!
Your Ranged Weapons skill increases to level 2!
Your Throwing skill increases to level 2!
Your Armour skill increases to level 2!
Your Dodging skill increases to level 5!
Your Shields skill increases to level 2!
Your Unarmed Combat skill increases to level 2!
Your Evocations skill increases to level 2!
You hit the wight but do no damage. The wight closely misses you.
You barely miss the wight. The wight completely misses you.
The wight hits you with a +6 long sword of freezing!
You feel drained. The wight freezes you.
You hit the wight but do no damage. The wight barely misses you.
You closely miss the wight.
The wight hits you with a +6 long sword of freezing.
You feel drained.
Casting: Tukima's Dance (dangerous; 4% risk of failure)
Confirm with . or Enter, or press ? or * to list all spells.
Your hands begin to glow red.
The wight barely misses you.
You hit the wight but do no damage. The wight closely misses you.
You hit the wight but do no damage.
The wight hits you with a +6 long sword of freezing.
You barely miss the wight.
The wight hits you with a +6 long sword of freezing!
* * * LOW HITPOINT WARNING * * *
You feel drained.
* * * LOW HITPOINT WARNING * * *
The wight freezes you.
* * * LOW HITPOINT WARNING * * *
The wight closely misses you.
You barely miss the wight. The wight barely misses you.
You barely miss the wight. The wight completely misses you.
You barely miss the wight.
The wight hits you with a +6 long sword of freezing!
You die...

.# #..# .# ##.## .#
#..# .# ##.#### .##
#....# ..## #####.#
...# ##.....# ...#
#..#####
.....###########@##
......#g..)..).z.#
........##########
........ ........
........ ..z....
.W.?... .......


You could see a wight.

Vanquished Creatures
  2 wights (D:4)
  An orc priest (D:3)
  2 orc wizards (D:3)
  4 adders
  5 dart slugs
  10 orcs
  4 endoplasms
  3 giant cockroaches
  6 goblins
  7 hobgoblins
  8 kobolds
  A quokka (D:3)
  2 ball pythons (D:3)
  7 bats
  3 frilled lizards
  6 rats
71 creatures vanquished.

Vanquished Creatures (others)
  2 dancing weapons (D:4)
  A ball python (D:2)
3 creatures vanquished.

Grand Total: 74 creatures vanquished

Notes
Turn   | Place    | Note
-------+----------+-------------------------------------------
     0 | D:1      | Ashen the Gnoll Enchanter began the quest for the Orb.
     0 | D:1      | Reached XP level 1. HP: 13/13 MP: 6/6
   196 | D:1      | Reached XP level 2. HP: 19/19 MP: 7/7
   436 | D:1      | Found Zexkid's Armour Shoppe.
   455 | D:1      | Learned a level 2 spell: Ensorcelled Hibernation
   695 | D:2      | Reached skill level 6 in Stealth
   695 | D:2      | Reached skill level 5 in Spellcasting
   695 | D:2      | Reached XP level 3. HP: 25/25 MP: 5/9
   699 | D:2      | Learned a level 3 spell: Confusing Touch
   703 | D:2      | Learned a level 3 spell: Tukima's Dance
   707 | D:2      | Learned a level 3 spell: Dazzling Flash
   839 | D:2      | Reached skill level 1 in Invocations
   930 | D:2      | Reached skill level 1 in Fighting
   930 | D:2      | Reached skill level 1 in Long Blades
   930 | D:2      | Reached skill level 1 in Axes
   930 | D:2      | Reached skill level 1 in Maces & Flails
   930 | D:2      | Reached skill level 1 in Polearms
   930 | D:2      | Reached skill level 1 in Staves
   930 | D:2      | Reached skill level 1 in Ranged Weapons
   930 | D:2      | Reached skill level 1 in Throwing
   930 | D:2      | Reached skill level 1 in Armour
   930 | D:2      | Reached skill level 1 in Shields
   930 | D:2      | Reached skill level 1 in Unarmed Combat
   930 | D:2      | Reached skill level 1 in Evocations
  1519 | D:3      | Reached skill level 1 in Shapeshifting
  1519 | D:3      | Reached XP level 4. HP: 32/32 MP: 11/11
  1747 | D:3      | Reached skill level 1 in Conjurations
  1747 | D:3      | Reached skill level 1 in Summonings
  1747 | D:3      | Reached skill level 1 in Necromancy
  1747 | D:3      | Reached skill level 1 in Translocations
  1747 | D:3      | Reached skill level 1 in Fire Magic
  1747 | D:3      | Reached skill level 1 in Ice Magic
  1747 | D:3      | Reached skill level 1 in Air Magic
  1747 | D:3      | Reached skill level 1 in Earth Magic
  1747 | D:3      | Reached skill level 1 in Alchemy
  1870 | D:3      | Reached XP level 5. HP: 37/37 MP: 12/12
  2328 | D:4      | Noticed a phantom
  2374 | D:4      | Reached XP level 6. HP: 36/44 MP: 7/14
  2390 | D:4      | Reached skill level 5 in Dodging
  2400 | D:4      | Slain by a wight

Illustrated notes

Levels and vault maps discovered:
D:1:      minmay_arrival_nine_rooms, layout_loops_cross, serial_shops,
          nicolae_shop_waterfront
D:2:      layout_loops_ring, lemuel_flame_loot_1
D:3:      layout_rooms, minmay_quantized
D:4:      layout_rooms, roderic_roman_lattice, chequers_serial_rivers_micro_a

Skill      XL: |  1  2  3  4  5  6 |
---------------+-------------------+-----
Stealth        | 6 |  6.3
Spellcasting   | 5 |  5.4
Invocations    | 1 2 |  2.2
Fighting       | 1 2 |  2.0
Long Blades    | 1 2 |  2.0
Axes           | 1 2 |  2.0
Maces & Flails | 1 2 |  2.0
Polearms       | 1 2 |  2.0
Staves         | 1 2 |  2.0
Ranged Weapons | 1 2 |  2.0
Throwing       | 1 2 |  2.0
Armour         | 1 2 |  2.0
Shields        | 1 2 |  2.0
Unarmed Combat | 1 2 |  2.0
Evocations     | 1 2 |  2.0
Shapeshifting  | 1 |  1.8
Conjurations   | 1 |  1.6
Summonings     | 1 |  1.6
Necromancy     | 1 |  1.6
Translocations | 1 |  1.6
Fire Magic     | 1 |  1.6
Ice Magic      | 1 |  1.6
Air Magic      | 1 |  1.6
Earth Magic    | 1 |  1.6
Alchemy        | 1 |  1.6
Short Blades   | 3 |  3.3
Dodging        | 5 |  5.0
Hexes          | |  5.7

Action                     |  1- 3 |  4- 6 || total
---------------------------+-------+-------++-------
  Melee: Dagger            |    61 |    15 ||    76
         Bite              |     3 |     4 ||     7
         Punch             |     1 |       ||     1
         Trident           |       |    94 ||    94
  Throw: Dart              |       |     1 ||     1
   Cast: Ensorcelled Hiber |     7 |     9 ||    16
         Tukima's Dance    |       |     3 ||     3
         Confusing Touch   |       |     2 ||     2
    Use: Potion            |       |     1 ||     1
   Stab: Sleeping          |    17 |    13 ||    30
         Distracted        |       |     1 ||     1
         Confused          |       |     1 ||     1
 Armour: Robe              |    17 |    43 ||    60
  Dodge: Dodged            |    39 |    86 ||   125
